 Dungeon Crawl Stone Soup version 0.18-a0-116-g2d311b1 (webtiles) character file.

901 Duffy the Cleaver (level 8, -10/67 HPs)
             Began as a Hill Orc Fighter on Nov 16, 2015.
             Mangled by Crazy Yiuf
             ... wielding a +3 quarterstaff of chaos
              (18 damage)
             ... on level 4 of the Dungeon.
             The game lasted 00:06:16 (5292 turns).

Duffy the Cleaver (Hill Orc Fighter)                Turns: 5292, Time: 00:06:16

Health: -10/67     AC: 13    Str: 19    XL:     8   Next: 7%
Magic:  8/8        EV:  6    Int:  8    God:
Gold:   269        SH:  0    Dex: 12    Spells: 0 memorised, 7 levels left

rFire  . . .     SeeInvis .     a - +0 war axe
rCold  . . .     Clarity  .     q - +0 plate armour
rNeg   . . .     SustAt   .     (no shield)
rPois  .         Gourm    .     (no helmet)
rElec  .         Spirit   .     (no cloak)
rCorr  .         Warding  .     (no gloves)
rMut   .         Stasis   .     i - +0 pair of boots
MR     .....                    (no amulet)
Stlth  ..........               (no ring)
                                (no ring)

@: drained, not resistant to hostile enchantments, extremely unstealthy
A: no striking features
a: no special abilities


You were on level 4 of the Dungeon.
You were hungry.

You visited 1 branch of the dungeon, and saw 5 of its levels.

You collected 269 gold pieces.


   Skills:
 + Level 4.8(4.5) Fighting
 + Level 9.6(9.2) Axes
 + Level 6.1(5.8) Armour
 - Level 3.2(3.0) Shields


You had 7 spell levels left.
You didn't know any spells.

Inventory:

Hand Weapons
 a - a +0 war axe (weapon)
Missiles
 l - 14 poisoned needles
Armour
 b - a +0 scale mail
 c - a +0 shield
 g - a +0 chain mail
 i - a +0 pair of boots (worn)
 q - a +0 plate armour (worn)
Wands
 v - a wand of confusion (21)
 y - a wand of fireball (0)
Scrolls
 k - a scroll of amnesia {unknown}
 p - 2 scrolls of teleportation {unknown}
 r - a scroll of blinking {unknown}
 t - a scroll of fear {unknown}
 w - a scroll of recharging {unknown}
 z - a scroll of random uselessness {unknown}
 A - a scroll of enchant armour {unknown}
 B - a scroll of noise {unknown}
 D - a scroll of magic mapping {unknown}
 E - a scroll of enchant weapon {unknown}
Potions
 d - a potion of might
 f - 2 potions of curing
 h - a potion of cure mutation
 j - a potion of agility
 m - a potion of heal wounds {unknown}
 n - 2 potions of invisibility
 o - 2 potions of brilliance
 x - a potion of berserk rage {unknown}
 C - a potion of ambrosia {unknown}
Comestibles
 e - 4 bread rations
 s - a beef jerky
 u - 3 meat rations

Dungeon Overview and Level Annotations

Branches:
Dungeon (5/15)
 Temple: D:4-7

Altars:
Cheibriados
Gozag
Kikubaaqudgha
Nemelex Xobeh
Qazlal
Ru
The Shining One

Shops:
D:4 }

Annotations:
D:4 Crazy Yiuf


Message History

Crazy Yiuf hits you but does no damage. The gnoll hits you but does no damage.
The scorpion stings you but does no damage.
The orc wizard hits you but does no damage.
Crazy Yiuf hits you but does no damage.
You are poisoned.
The gnoll hits you from afar with a halberd!
The scorpion stings you but does no damage.
You can move again.
You feel sick.
The orc wizard hits you but does no damage.
The scorpion stings you.
You climb upwards.
You feel sick.
There is a stone staircase leading down here.
You hit Crazy Yiuf.
Crazy Yiuf is moderately wounded.
You hit the orc wizard but do no damage.
You feel sick.
The orc wizard mumbles some strange words.
The orc wizard blinks!
Crazy Yiuf hits you with a quarterstaff of chaos.
You feel drained.
The orc wizard points at you and mumbles some strange words.
The magic dart hits you!
Drink which item? (? for menu, Esc to quit)
You feel better.
Crazy Yiuf hits you with a quarterstaff of chaos.
Crazy Yiuf draws strength from your injuries!
You closely miss Crazy Yiuf.
Crazy Yiuf is moderately wounded.
You slash Crazy Yiuf!
Crazy Yiuf is almost dead.
You closely miss the orc wizard.
The orc wizard hits you but does no damage.
Crazy Yiuf hits you but does no damage.
You are electrocuted!
You die...

..###.#+## ####.##
..##..#.# #.>...#
.##..##.# #.##..#
....###.## #.##..#
######...## #.##..#
#.....# #.....#
##...## ####.##
#######.###########.#
..........[...sg@o..#
#######.#############
#.# #.# #.# #.# #.#
#.# ########### #.#
#.........#


You could see Crazy Yiuf, a scorpion and an orc wizard.

Action                   |  1- 3 |  4- 6 |  7- 9 || total
-------------------------+-------+-------+-------++-------
Melee: War axe           |   102 |   174 |    99 ||   375
Evoke: Wand              |       |     3 |       ||     3
  Use: Potion            |     1 |       |     1 ||     2
       Scroll            |       |     6 |     1 ||     7
  Eat: Chunk             |     1 |     6 |       ||     7
       Fruit             |       |     2 |       ||     2
       Meat ration       |       |       |     1 ||     1

Notes
Turn   | Place    | Note
--------------------------------------------------------------
     0 | D:1      | Duffy the Hill Orc Fighter began the quest for the Orb.
     0 | D:1      | Reached XP level 1. HP: 19/19 MP: 1/1
    27 | D:1      | Reached skill level 3 in Axes
   296 | D:1      | Found a sparkling altar of Nemelex Xobeh.
   320 | D:1      | Reached XP level 2. HP: 26/26 MP: 2/2
   621 | D:1      | Reached skill level 4 in Axes
   915 | D:2      | Reached XP level 3. HP: 28/31 MP: 3/3
   946 | D:2      | Reached skill level 5 in Axes
  1371 | D:2      | Reached XP level 4. HP: 39/39 MP: 4/4
  1460 | D:2      | Found a sacrificial altar of Ru.
  1794 | D:2      | Reached skill level 6 in Axes
  1879 | D:3      | Noticed an orc warrior
  2116 | D:2      | Killed an orc warrior
  2116 | D:2      | Reached skill level 7 in Axes
  2116 | D:2      | Reached XP level 5. HP: 34/45 MP: 5/5
  2222 | D:3      | Reached XP level 6. HP: 31/51 MP: 6/6
  2225 | D:3      | Reached skill level 4 in Armour
  2240 | D:3      | Noticed Duffy's ghost (amateur FoAK)
  2594 | D:3      | Reached skill level 8 in Axes
  2949 | D:3      | Killed Duffy's ghost
  3298 | D:4      | Found a glowing golden altar of the Shining One.
  3298 | D:4      | Found a stormy altar of Qazlal.
  3299 | D:4      | Found a snail-covered altar of Cheibriados.
  3334 | D:4      | Found Inoin's Gadget Shoppe.
  3345 | D:4      | Found an ancient bone altar of Kikubaaqudgha.
  4012 | D:4      | Reached skill level 5 in Armour
  4012 | D:4      | Reached XP level 7. HP: 57/57 MP: 7/7
  4122 | D:4      | Found an opulent altar of Gozag.
  4397 | D:5      | Entered Level 5 of the Dungeon
  4431 | D:5      | Reached skill level 9 in Axes
  4866 | D:5      | Reached skill level 4 in Fighting
  4900 | D:5      | Noticed Edmund
  4917 | D:4      | Killed Edmund
  5055 | D:5      | Reached skill level 6 in Armour
  5055 | D:5      | Reached XP level 8. HP: 56/67 MP: 8/8
  5274 | D:5      | Noticed Crazy Yiuf
  5280 | D:5      | Paralysed by Crazy Yiuf for 7 turns
  5292 | D:4      | Mangled by Crazy Yiuf

Vault maps used:
D:1:      saegor_arrival_fortress, minivault_26, nemelex_altar_shiori
D:2:      lemuel_doored_altar, grunt_ministairs_10
D:3:      first_bread
D:4:      kennysheep_little_box, kennysheep_mini_moat,
          gammafunk_temple_overflow_claw, serial_shops, shop
D:5:      uniq_crazy_yiuf_cottage, uniq_edmund

Vanquished Creatures
  Edmund
  A phantom
  An ice beast
  An orc warrior
  The ghost of Duffy the Cudgeler, an amateur FoAK of Lugonu
  A giant frog
  A water moccasin skeleton
  An orc wizard
  2 orc priests
  3 worker ants
  7 adders
  2 gnolls
  A worm
  A giant gecko
  8 orcs
  3 ball pythons
  A bat zombie
  7 goblins
  10 hobgoblins
  3 jackals
  A quokka
  6 bats
  4 giant cockroaches
  2 giant gecko skeletons
  3 giant newts
  A jackal skeleton
  7 kobolds
  A quokka zombie
  6 rats
  2 fungi
89 creatures vanquished.
